 Dungeon Crawl Stone Soup version 0.23.0 (webtiles) character file.

Game seed: 2320859588234999876

789 swicky the Skirmisher (level 7, -4/99 HPs)
             Began as a Minotaur Berserker on Feb 13, 2019.
             Was a Priest of Trog.
             Slain by an ogre
             ... wielding a +0 giant club
              (11 damage)
             ... on level 6 of the Dungeon.
             The game lasted 00:05:18 (3865 turns).

swicky the Skirmisher (Minotaur Berserker)          Turns: 3865, Time: 00:05:19

Health: -4/99      AC:  8    Str: 27    XL:     7   Next: 56%
Magic:  6/6        EV: 10    Int:  4    God:    Trog [***...]
Gold:   359        SH:  3    Dex: 11    Spells: 6/6 levels left

rFire    . . .     SeeInvis .   B - +0 war axe
rCold    . . .     Gourm    .   o - +0 buckler
rNeg     . . .     Faith    .   f - +0 scale mail
rPois    .         Spirit   .   (helmet restricted)
rElec    .         Reflect  .   E - +0 cloak
rCorr    .         Harm     .   (no gloves)
MR       .....                  (no boots)
Stlth    ..........             (no amulet)
HPRegen  0.26/turn              (no ring)
MPRegen  0.10/turn              (no ring)

@: berserking, very quick
A: retaliatory headbutt, horns 2
a: Berserk, Trog's Hand, Renounce Religion


You were on level 6 of the Dungeon.
You worshipped Trog.
Trog was most pleased with you.
You were very hungry.

You visited 1 branch of the dungeon, and saw 6 of its levels.

You collected 359 gold pieces.

Inventory:

Hand Weapons
 a - a +0 hand axe
 p - a +4 short sword of venom
 B - a +0 war axe (weapon)
 C - a +0 glaive of flaming
Armour
 b - a +0 animal skin
 f - a +0 scale mail (worn)
 h - a +0 helmet
 o - a +0 buckler (worn)
 E - a +0 cloak (worn)
Wands
 q - a wand of digging (8)
 u - a wand of disintegration (5)
 v - a wand of scattershot (2)
Scrolls
 e - 11 scrolls of identify {unknown}
 g - 2 scrolls of teleportation {unknown}
 i - 2 scrolls of blinking {unknown}
 l - 2 scrolls of fear {unknown}
 m - 2 scrolls of immolation {unknown}
 r - 2 scrolls of amnesia {unknown}
 t - a scroll of remove curse {unknown}
 w - 3 scrolls of enchant weapon {unknown}
 y - 3 scrolls of random uselessness {unknown}
Potions
 d - a potion of haste {unknown}
 j - a potion of mutation {unknown}
 k - a potion of ambrosia {unknown}
 n - a potion of degeneration {unknown}
 s - a potion of might {unknown}
 x - 2 potions of flight {unknown}
 z - a potion of curing
 A - a potion of invisibility {unknown}
 D - a potion of lignification {unknown}
 F - 2 potions of agility {unknown}
Comestibles
 c - 19 rations


   Skills:
 + Level 7.0 Fighting
 + Level 6.9 Axes
 + Level 6.2 Armour
 - Level 2.2 Dodging


You had 6 spell levels left.
You didn't know any spells.
Your spell library was empty.

Dungeon Overview and Level Annotations

Branches:
Dungeon (6/15)             Temple (0/1) D:5

Altars:
Elyvilon
Vehumet
Zin


Innate Abilities, Weirdness & Mutations

You reflexively headbutt those who attack you in melee.
You have a pair of horns on your head.


Message History

* * * LOW HITPOINT WARNING * * *
There are monsters nearby!
You are too injured to fight recklessly!
There are monsters nearby!
You are too injured to fight recklessly!
There are monsters nearby!
Okay, then.
A red film seems to cover your vision as you go berserk!
You feel yourself moving faster!
You feel mighty!
You are feeling very hungry.
The orc warrior barely misses you. The ogre hits you with a +0 giant club!
* * * LOW HITPOINT WARNING * * *
Your scale mail prevents you from hitting the ogre.
You barely miss the orc warrior. You slash the ogre!
The ogre is heavily wounded.
You hit the orc warrior.
The orc warrior hits you but does no damage.
The ogre hits you with a +0 giant club!
You die...

#.. #.# #.# #.#
##################.###
.................>...#
.######.###########.##
.# #.#........)..# .#
#.# #####O@#### .#
#.#.....o.o# .#
#.###.#.#.## .# #[# ..
#. .# #.# ## #.
.######.#######>
.............(..
..#####.######## ..#
#.#


You could see an orc warrior, an ogre and an orc wizard.

Vanquished Creatures
  A centaur (D:6)
  2 scorpions
  A crimson imp (D:5)
  A bullfrog zombie (D:5)
  A jelly (D:5)
  3 orc wizards
  3 bullfrog skeletons
  A centaur skeleton (D:4)
  Ijyb (D:4)
  3 worker ants
  A hound skeleton (D:5)
  7 gnolls (D:5)
  4 adders
  A shadow imp (D:5)
  An ooze (D:2)
  2 adder skeletons (D:6)
  A dart slug (D:1)
  2 leopard geckos
  10 orcs
  A ball python (D:5)
  7 giant cockroaches
  9 hobgoblins
  3 quokkas
  6 bats
  10 frilled lizards
  4 goblins
  6 kobolds
  7 rats
99 creatures vanquished.

Notes
Turn   | Place    | Note
-------+----------+-------------------------------------------
     0 | D:1      | swicky the Minotaur Berserker began the quest for the Orb.
     0 | D:1      | Reached XP level 1. HP: 19/19 MP: 0/0
   318 | D:1      | Reached XP level 2. HP: 27/27 MP: 1/1
   412 | D:1      | Reached skill level 4 in Fighting
   609 | D:2      | Noticed a scorpion
   615 | D:2      | Killed a scorpion
   615 | D:2      | Reached XP level 3. HP: 34/34 MP: 2/2
   615 | D:2      | Reached XP level 4. HP: 41/41 MP: 3/3
   725 | D:2      | Reached ** piety under Trog
   737 | D:2      | Found a radiant altar of Vehumet.
  1581 | D:3      | Reached skill level 5 in Axes
  1603 | D:3      | Found a faded altar of an unknown god.
  2009 | D:4      | Reached skill level 5 in Fighting
  2009 | D:4      | Reached XP level 5. HP: 40/48 MP: 4/4
  2048 | D:4      | Noticed Ijyb
  2059 | D:4      | Killed Ijyb
  2059 | D:4      | Reached *** piety under Trog
  2380 | D:5      | Entered Level 5 of the Dungeon
  2539 | D:5      | Reached XP level 6. HP: 56/56 MP: 5/5
  2620 | D:5      | Reached skill level 5 in Armour
  2658 | D:5      | Reached skill level 6 in Fighting
  2944 | D:5      | Found a staircase to the Ecumenical Temple.
  3114 | D:5      | Reached XP level 7. HP: 63/63 MP: 6/6
  3133 | D:5      | Found a glowing silver altar of Zin.
  3557 | D:6      | Found a white marble altar of Elyvilon.
  3695 | D:6      | Reached skill level 7 in Fighting
  3865 | D:6      | Slain by an ogre

Skill      XL: |  1  2  3  4  5  6  7 |
---------------+----------------------+-----
Fighting       | 4 5 6 7 |  7.0
Axes           | 4 5 6 |  6.9
Armour         | 3 4 5 6 |  6.2
Dodging        | |  2.2

Action                   |  1- 3 |  4- 6 |  7- 9 || total
-------------------------+-------+-------+-------++-------
Melee: Hand axe          |    33 |   110 |       ||   143
       Headbutt          |     6 |    32 |     8 ||    46
       War axe           |       |    49 |    35 ||    84
Invok: Berserk           |       |     3 |     2 ||     5
       Trog's Hand       |       |     1 |     1 ||     2
  Use: Potion            |       |     2 |       ||     2
  Eat: Chunk             |       |     6 |     4 ||    10
       Ration            |       |     1 |       ||     1
Armor: Animal skin       |     2 |     9 |       ||    11
       Scale mail        |       |    47 |    10 ||    57
Dodge: Dodged            |    23 |    95 |    10 ||   128
Block: Buckler           |       |    13 |     4 ||    17
